 Dungeon Crawl Stone Soup version 0.29.0-4-gdea44cf6ec (webtiles) character file.

Game seed: 16830894599469799274

74 qw the Chopper (level 4, -3/26 HPs)
             Began as a Tengu Warper on Aug 28, 2022.
             Slain by a gnoll
             ... wielding a +2 spear of venom
              (8 damage)
             ... on level 3 of the Dungeon.
             The game lasted 00:00:12 (2296 turns).

qw the Chopper (Tengu Warper)                       Turns: 2296, Time: 00:00:13

Health: -3/26      AC:  5    Str: 13    XL:     4   Next: 28%
Magic:  8/8        EV: 11    Int: 14    God:
Gold:   76         SH:  0    Dex: 13    Spells: 7/7 levels left

rFire   . . .      SeeInvis .   Y - +0 hand axe (freeze)
rCold   . . .      Faith    .   (no shield)
rNeg    . . .      Spirit   .   i - +0 ring mail
rPois   .          Reflect  .   (helmet restricted)
rElec   .          Harm     .   (no cloak)
rCorr   .          Rampage  .   (no gloves)
Will    .....                   (boots unavailable)
Stlth   +.........              (no amulet)
HPRegen 0.08/turn               (no ring)
MPRegen 0.11/turn               (no ring)

@: lethally poisoned (-3 -> -7)
A: beak, talons 3
a: no special abilities


You were on level 3 of the Dungeon.
You visited 1 branch of the dungeon, and saw 3 of its levels.

You collected 106 gold pieces.
You spent 30 gold pieces at shops.


Innate Abilities, Weirdness & Mutations

You have a beak for a mouth.
You have claws for feet.


   Skills:
 - Level 2.0 Fighting
 + Level 4.9 Axes
 - Level 1.0 Throwing
 - Level 1.1 Armour
 - Level 2.1 Dodging
 - Level 2.0 Spellcasting
 - Level 2.4 Translocations


You had 7 spell levels left.
You didn't know any spells.
Your spell library contained the following spells:

 Spells                   Type           Power      Damage    Failure   Level
 Blink                    Tloc           16%        N/A       28%         2
 Gell's Gravitas          Tloc           8%         N/A       50%         3
 Lesser Beckoning         Tloc           8%         N/A       50%         3
 Teleport Other           Tloc           8%         N/A       50%         3
 Manifold Assault         Tloc           8%         N/A       99%         5

Inventory:

Hand Weapons
 e - a +0 flail
 Y - a +0 hand axe of freezing (weapon)
Armour
 d - a +0 chain mail
 i - a +0 ring mail (worn)
Scrolls
 b - a scroll of identify
 c - a scroll of silence {unknown}
Potions
 a - a potion of lignification {unknown}
 f - a potion of brilliance {unknown}
 g - a potion of might
 h - a potion of haste {unknown}
 j - a potion of magic {unknown}
 k - 2 potions of curing

Dungeon Overview and Level Annotations

Branches:
Dungeon (3/15)

Altars:
Nemelex Xobeh
Xom
The Shining One

Shops:
D:1 (*[*!


Message History

You hit the endoplasm. You freeze the endoplasm. You claw the endoplasm.
The endoplasm is almost dead.
The endoplasm closely misses you.
You hit the endoplasm. You freeze the endoplasm.
You kill the endoplasm!
Found a stone staircase leading down.
h - a coppery potion
There is a stone staircase leading down here.
You open the door. 3 gnolls come into view.
A gnoll is wielding a +2 spear of venom.
The gnoll shouts! x3
Found two altars.
Enter note: You hit the gnoll but do no damage.
You claw the gnoll! Your peck misses the gnoll.
The gnoll is heavily wounded.
You hit the gnoll. You freeze the gnoll.
The gnoll is moderately wounded.
A gnoll comes into view. It is wielding a +0 spear.
You barely miss the gnoll. Your kick misses the gnoll. You peck the gnoll.
The gnoll is severely wounded.
The gnoll hits you from afar with a +2 spear of venom!
You are poisoned.
You hit the gnoll. You freeze the gnoll.
The gnoll is severely wounded.
You barely miss the gnoll.
You feel sick.
The gnoll hits you from afar with a +2 spear of venom.
The gnoll hits you but does no damage. The gnoll hits you with a +0 club.
You barely miss the gnoll. Your peck misses the gnoll.
The gnoll is severely wounded.
You hit the gnoll. You freeze the gnoll.
You feel sick. The gnoll barely misses you.
The gnoll hits you with a +0 club. x2
You hit the gnoll but do no damage. You claw the gnoll.
You kill the gnoll!
You hit the gnoll. You freeze the gnoll.
You feel sick. The gnoll closely misses you.
The gnoll hits you from afar with a +2 spear of venom!
You die...

##.#.### ####.####
###.# #.# #.# #.#
#.# #.# #+# #.#
#.# #.# #.# #.#
####.# #.# #.#
##.##.## #.#
#.#####......#####
#.#
#@g...............
#.#
#)####......#####.
####.# g..
#####..# #. .....#
g.... #..# #.
###### }.....}
#..# #. ....}....
...# #.
#._.###._.# ###..
.. #### #### #.#
### #.#


You could see 3 gnolls.

Vanquished Creatures
  A gnoll (D:3)
  An adder (D:2)
  2 worms (D:2)
  A dart slug (D:2)
  An orc (D:3)
  2 bats
  10 endoplasms
  4 goblins
  6 hobgoblins
  4 jackals (D:2)
  6 kobolds
  8 ball pythons
  2 frilled lizards (D:1)
  2 rats (D:1)
50 creatures vanquished.

Notes
Turn   | Place    | Note
-------+----------+-------------------------------------------
     0 | D:1      | qw the Tengu Warper began the quest for the Orb.
     0 | D:1      | Reached XP level 1. HP: 12/12 MP: 4/4
     0 | D:1      | 0 ||| qw: Version: 0.1-a-89-g26bdef1
     0 | D:1      | 0 ||| qw: Game counter: 2141
     0 | D:1      | 0 ||| qw: Always use a shield: true
     0 | D:1      | 0 ||| qw: God list: Okawaru
     0 | D:1      | 0 ||| qw: Allow faded altars: false
     0 | D:1      | 0 ||| qw: Do Orc after D:15 true
     0 | D:1      | 0 ||| qw: Do second Lair branch before Depths: true
     0 | D:1      | 0 ||| qw: Lair rune preference: random
     0 | D:1      | 0 ||| qw: Plans: Normal
     0 | D:1      | 0 ||| PLANNING D:1-11
    27 | D:1      | Found Umajail's General Store.
    35 | D:1      | 35 ||| SHOPLISTING +0 mace (33 gold, have 0).
    35 | D:1      | 35 ||| SHOPLISTING +2 demon whip of flaming (429 gold, have
                  | 0).
    35 | D:1      | 35 ||| SHOPLISTING +3 chain mail of cold resistance (291
                  | gold, have 0).
    35 | D:1      | 35 ||| SHOPLISTING potion of curing (33 gold, have 0).
    35 | D:1      | 35 ||| SHOPLISTING scroll of identify (22 gold, have 0).
    50 | D:1      | 50 ||| DROPPING +0 club.
    56 | D:1      | Found Bush's Antique Armour Shoppe.
    58 | D:1      | Found Selel's Assorted Antiques.
    75 | D:1      | 75 ||| SHOPLISTING dyed leather armour (120 gold, have 7).
    75 | D:1      | 75 ||| SHOPLISTING glowing ring mail (168 gold, have 7).
    75 | D:1      | 75 ||| SHOPLISTING ring mail (96 gold, have 7).
    75 | D:1      | 75 ||| SHOPLISTING runed scale mail (168 gold, have 7).
    75 | D:1      | 75 ||| SHOPLISTING scale mail (96 gold, have 7).
    84 | D:1      | 84 ||| SHOPLISTING inky potion (22 gold, have 7).
    84 | D:1      | 84 ||| SHOPLISTING runed mace (150 gold, have 7).
    84 | D:1      | 84 ||| SHOPLISTING scroll labelled HYF PIFITRE CYTT (25
                  | gold, have 7).
    84 | D:1      | 84 ||| SHOPLISTING scroll labelled ICEQUWK EPAE (25 gold,
                  | have 7).
    84 | D:1      | 84 ||| SHOPLISTING scroll labelled KIC ZOFAKASUO (25 gold,
                  | have 7).
   104 | D:1      | Reached XP level 2. HP: 17/17 MP: 6/6
   142 | D:1      | Reached skill level 3 in Axes
   147 | D:1      | 147 ||| Stepping ~*~*~tactically~*~*~ (stealth).
   158 | D:1      | 158 ||| Stepping ~*~*~tactically~*~*~ (stealth).
   240 | D:1      | Found a faded altar of an unknown god.
   387 | D:1      | 387 ||| Stepping ~*~*~tactically~*~*~ (stealth).
   534 | D:1      | Found Keplunerch's Weapon Boutique.
   553 | D:1      | 553 ||| SHOPLISTING +0 war axe (45 gold, have 43).
   662 | D:1      | Reached XP level 3. HP: 14/21 MP: 7/7
   928 | D:1      | Found Acolips's Distillery.
   936 | D:1      | 936 ||| BUYING potion of curing (30 gold).
   936 | D:1      | Bought a potion of curing for 30 gold pieces
   936 | D:1      | 936 ||| SHOPLISTING potion of haste (100 gold, have 13).
   936 | D:1      | 936 ||| SHOPLISTING potion of heal wounds (50 gold, have
                  | 13).
   955 | D:1      | 955 ||| Stepping ~*~*~tactically~*~*~ (stealth).
  1043 | D:1      | 1043 ||| UPGRADING to +0 ring mail.
  1053 | D:1      | 1053 ||| DROPPING +0 leather armour.
  1054 | D:1      | 1054 ||| READING scroll labelled HYF PIFITRE CYTT.
  1055 | D:1      | 1055 ||| READING scroll labelled OQIKLI GIDAOX.
  1056 | D:1      | 1056 ||| DRINKING 2 purple potions.
  1057 | D:1      | 1057 ||| DROPPING scroll of blinking.
  1095 | D:2      | Reached skill level 4 in Axes
  1158 | D:2      | Found a shimmering altar of Xom.
  1245 | D:2      | 1245 ||| Stepping ~*~*~tactically~*~*~ (stealth).
  1403 | D:2      | 1403 ||| READING scroll of brand weapon.
  1403 | D:2      | 1403 ||| BRANDING +0 hand axe of protection.
  1441 | D:2      | 1441 ||| Stepping ~*~*~tactically~*~*~ (hiding).
  1451 | D:2      | Reached XP level 4. HP: 26/26 MP: 8/8
  1828 | D:2      | 1828 ||| DROPPING amulet of faith.
  1829 | D:2      | 1829 ||| DROPPING ring of flight.
  1830 | D:2      | 1830 ||| READING 3 scrolls of identify.
  1830 | D:2      | 1830 ||| IDENTIFYING green potion
  1831 | D:2      | 1831 ||| READING 2 scrolls of identify.
  1831 | D:2      | 1831 ||| IDENTIFYING inky potion
  1832 | D:2      | 1832 ||| DROPPING potion of degeneration.
  1833 | D:2      | 1833 ||| DROPPING potion of attraction.
  2233 | D:3      | 2233 ||| DROPPING +0 whip.
  2290 | D:3      | Found a glowing golden altar of the Shining One.
  2290 | D:3      | Found a sparkling altar of Nemelex Xobeh.
  2295 | D:3      | HP: 6/26 [gnoll/+0 club (4)]
  2296 | D:3      | Slain by a gnoll

Levels and vault maps discovered:
D:1:      minmay_arrival_three_doors, layout_basic,
          hellmonk_ecumenical_altar_lost_god, serial_shops, shop,
          shop_fountains, nicolae_shop_hallway_stairs, shop_statue,
          nicolae_shop_window_shopping
D:2:      layout_loops_ring, basic_altar
D:3:      layout_loops_corners, gammafunk_temple_overflow_pools,
          grunt_temple_overflow_open, item_on_display_a

Skill      XL: |  1  2  3 |
---------------+----------+-----
Axes           | 3 4 |  4.9
Fighting       | |  2.0
Throwing       | |  1.0
Armour         | |  1.1
Dodging        | |  2.1
Spellcasting   | |  2.0
Translocations | |  2.4

Action                   |  1- 3 |  4- 6 || total
-------------------------+-------+-------++-------
Melee: Hand axe          |    95 |    29 ||   124
       Kick              |    19 |    10 ||    29
       Peck              |    10 |     3 ||    13
Throw: Boomerang         |     7 |       ||     7
  Use: Scroll            |     3 |     2 ||     5
       Potion            |     1 |       ||     1
Armor: Leather armour    |     9 |       ||     9
       Ring mail         |    21 |     5 ||    26
Dodge: Dodged            |    56 |    10 ||    66

Table legend:
 A = Non-vault XP
 B = Vault XP
 C = Vault XP percentage of total XP
 D = Non-vault monster count
 E = Vault monster count
 F = Vault count percentage of total count
                 A         B        C        D         E       F
            +---------+---------+-------+---------+---------+-------
      Total |     121 |       0 |   0.0 |      50 |       0 |   0.0
            +---------+---------+-------+---------+---------+-------
        D:1 |      40 |       0 |   0.0 |      25 |       0 |   0.0
        D:2 |      49 |       0 |   0.0 |      16 |       0 |   0.0
        D:3 |      32 |       0 |   0.0 |       9 |       0 |   0.0
            +---------+---------+-------+---------+---------+-------
